[ AOE2 MATCH · #495408156 ]
UnrankedVietnamese vs Koreans
Player's team · LOSS
Rival team · WIN
[ REPLAY ANALYSIS · EXTRACTED FROM THE RECORDED GAME ]
Feudal
14:23
Castle
19:29
Imperial
38:26
| APM avg | 27.7 |
| APM peak | 81 |
| eAPM avg | 12.4 |
| Villagers / military | 83 / 134 |
Focus
⚔️ 36.0% · 🌾 64.0%
Scout Cavalry ×61 · Spearman ×20 · Archer ×18 · Rattan Archer ×16 · Knight ×6 · Mangonel ×5
Feudal
11:48
Castle
21:03
Imperial
42:00
| APM avg | 23.4 |
| APM peak | 43 |
| eAPM avg | 10.0 |
| Villagers / military | 89 / 87 |
Focus
⚔️ 32.5% · 🌾 67.5%
War Wagon ×54 · Spearman ×20 · Scout Cavalry ×6 · Knight ×4 · Trebuchet (Packed) ×3
Match map
Initial resources + every placement click. Lines = walls · curves = elevation contours. ◆ gold · ⬟ stone · ● berries · ✦ relic · ◌ wall gap
Your base· ✓ Closed at 19:29 · 0t walls · 1 gate(s)
ParatyBrasil's base· Open — 6t gap
Smoothed initial terrain · ◌ = detected wall gap · hover for details
Inputs per minute
— RH450 - - ParatyBrasil
Build order — RH450
First 150 of 312 actions detected
| 0:04 | Queue | Villager (Male) |
| 0:04 | Queue | Villager (Male) |
| 0:05 | Build | House |
| 0:07 | Build | House |
| 0:38 | Queue | Villager (Male) |
| 0:38 | Queue | Villager (Male) |
| 0:39 | Queue | Villager (Male) |
| 1:37 | Queue | Villager (Male) |
| 1:38 | Queue | Villager (Male) |
| 2:20 | Queue | Villager (Male) |
| 2:20 | Queue | Villager (Male) |
| 2:39 | Research | Loom |
| 3:05 | Queue | Villager (Male) |
| 3:21 | Build | Outpost |
| 3:46 | Build | Outpost |
| 3:52 | Queue | Villager (Male) |
| 3:52 | Queue | Villager (Male) |
| 3:52 | Queue | Villager (Male) |
| 3:58 | Build | Lumber Camp |
| 4:48 | Queue | Villager (Male) |
| 4:48 | Queue | Villager (Male) |
| 4:56 | Queue | Villager (Male) |
| 4:57 | Queue | Villager (Male) |
| 5:20 | Build | House |
| 5:21 | Build | House |
| 5:23 | Build | House |
| 5:27 | Queue | Villager (Male) |
| 6:01 | Queue | Villager (Male) |
| 6:01 | Queue | Villager (Male) |
| 6:31 | Queue | Villager (Male) |
| 6:37 | Build | House |
| 6:44 | Build | Barracks |
| 7:04 | Queue | Villager (Male) |
| 7:04 | Queue | Villager (Male) |
| 7:50 | Build | Mill |
| 8:02 | Queue | Villager (Male) |
| 8:02 | Queue | Villager (Male) |
| 8:02 | Queue | Villager (Male) |
| 8:03 | Queue | Villager (Male) |
| 8:34 | Build | Mill |
| 8:48 | Queue | Villager (Male) |
| 9:19 | Queue | Villager (Male) |
| 10:33 | Queue | Villager (Male) |
| 10:33 | Queue | Villager (Male) |
| 10:34 | Queue | Villager (Male) |
| 11:07 | Build | House |
| 11:08 | Build | House |
| 11:29 | Queue | Villager (Male) |
| 11:49 | Build | Outpost |
| 12:09 | Research | Feudal Age |
| 12:18 | Build | Palisade Gate |
| 12:24 | Build | House |
| 12:25 | Build | House |
| 13:29 | Build | Farm |
| 13:30 | Build | Farm |
| 13:30 | Build | Farm |
| 13:31 | Build | Farm |
| 13:32 | Build | Farm |
| 13:37 | Build | Farm |
| 13:38 | Build | Farm |
| 13:39 | Build | Farm |
| 13:55 | Build | Mining Camp |
| 14:16 | Queue | Villager (Male) |
| 14:16 | Queue | Villager (Male) |
| 14:18 | Queue | Villager (Male) |
| 14:23 | Age | Feudal Age |
| 14:34 | Build | Archery Range |
| 14:42 | Queue | Spearman |
| 14:42 | Queue | Spearman |
| 14:43 | Queue | Spearman |
| 14:43 | Queue | Spearman |
| 15:17 | Queue | Villager (Male) |
| 15:59 | Build | Market |
| 16:13 | Build | Blacksmith |
| 16:49 | Research | Castle Age |
| 16:58 | Queue | Spearman |
| 16:58 | Queue | Spearman |
| 18:00 | Queue | Spearman |
| 18:00 | Queue | Spearman |
| 18:00 | Queue | Spearman |
| 18:11 | Queue | Archer |
| 18:12 | Queue | Archer |
| 18:12 | Queue | Archer |
| 18:25 | Build | Archery Range |
| 18:40 | Build | Mining Camp |
| 19:05 | Queue | Archer ×3 |
| 19:05 | Queue | Archer ×3 |
| 19:29 | Age | Castle Age |
| 19:35 | Queue | Villager (Male) |
| 19:35 | Queue | Villager (Male) |
| 19:55 | Queue | Spearman |
| 19:55 | Queue | Spearman |
| 20:18 | Queue | Archer |
| 20:18 | Queue | Archer |
| 20:19 | Queue | Archer |
| 20:48 | Queue | Spearman |
| 20:48 | Queue | Spearman |
| 21:04 | Queue | Villager (Male) |
| 21:04 | Queue | Villager (Male) |
| 21:05 | Queue | Villager (Male) |
| 22:20 | Queue | Villager (Male) |
| 22:20 | Queue | Villager (Male) |
| 23:03 | Build | Castle |
| 23:13 | Queue | Villager (Male) |
| 23:13 | Queue | Villager (Male) |
| 23:23 | Research | Padded Archer Armor |
| 24:06 | Queue | Villager (Male) |
| 24:06 | Queue | Villager (Male) |
| 24:06 | Queue | Villager (Male) |
| 24:14 | Build | House |
| 24:16 | Build | House |
| 24:16 | Build | House |
| 24:17 | Build | House |
| 24:17 | Build | House |
| 24:17 | Build | House |
| 24:18 | Build | House |
| 24:18 | Build | House |
| 24:18 | Build | House |
| 24:19 | Build | House |
| 24:19 | Build | House |
| 24:19 | Build | House |
| 24:20 | Build | House |
| 25:11 | Queue | Rattan Archer |
| 25:11 | Queue | Rattan Archer |
| 25:21 | Build | Mining Camp |
| 25:31 | Build | Lumber Camp |
| 25:41 | Queue | Rattan Archer |
| 25:41 | Queue | Rattan Archer |
| 25:56 | Research | Double-Bit Axe |
| 26:02 | Research | Gold Mining |
| 26:13 | Research | Fletching |
| 26:39 | Queue | Rattan Archer |
| 26:39 | Queue | Rattan Archer |
| 26:39 | Queue | Rattan Archer |
| 26:40 | Queue | Rattan Archer |
| 26:55 | Queue | Spearman |
| 26:56 | Queue | Spearman |
| 26:56 | Queue | Spearman |
| 27:08 | Build | Gate |
| 27:35 | Build | Barracks |
| 27:46 | Research | Pikeman (upgrade) |
| 27:59 | Queue | Rattan Archer |
| 27:59 | Queue | Rattan Archer |
| 28:14 | Research | Scale Mail Armor |
| 28:32 | Build | Town Center |
| 29:07 | Queue | Villager (Male) |
| 29:08 | Queue | Villager (Male) |
| 29:09 | Research | Town Watch |
| 29:17 | Research | Leather Archer Armor |
| 29:33 | Queue | Rattan Archer |
Build order — ParatyBrasil
First 150 of 288 actions detected
| 0:01 | Queue | Villager (Male) |
| 0:01 | Queue | Villager (Male) |
| 0:01 | Queue | Villager (Male) |
| 0:02 | Queue | Villager (Male) |
| 0:02 | Queue | Villager (Male) |
| 0:04 | Build | House |
| 0:31 | Build | House |
| 0:34 | Build | House |
| 0:39 | Research | Loom |
| 1:46 | Queue | Villager (Male) |
| 2:22 | Queue | Villager (Male) |
| 2:22 | Queue | Villager (Male) |
| 3:07 | Queue | Villager (Male) |
| 3:07 | Queue | Villager (Male) |
| 3:07 | Queue | Villager (Male) |
| 3:45 | Queue | Villager (Male) |
| 3:46 | Queue | Villager (Male) |
| 4:15 | Queue | Villager (Male) |
| 4:15 | Queue | Villager (Male) |
| 4:15 | Queue | Villager (Male) |
| 4:15 | Queue | Villager (Male) |
| 4:39 | Queue | Villager (Male) |
| 4:40 | Queue | Villager (Male) |
| 5:09 | Queue | Villager (Male) |
| 5:09 | Queue | Villager (Male) |
| 5:10 | Queue | Villager (Male) |
| 5:47 | Build | Lumber Camp |
| 5:50 | Queue | Villager (Male) |
| 5:50 | Queue | Villager (Male) |
| 7:23 | Build | Mill |
| 7:38 | Build | House |
| 7:51 | Queue | Villager (Male) |
| 7:51 | Queue | Villager (Male) |
| 7:52 | Queue | Villager (Male) |
| 8:19 | Build | Farm |
| 8:21 | Build | Farm |
| 9:06 | Build | Farm |
| 9:13 | Build | Farm |
| 9:21 | Build | Farm |
| 9:31 | Research | Feudal Age |
| 10:38 | Build | Barracks |
| 10:47 | Build | Farm |
| 11:09 | Build | Farm |
| 11:48 | Age | Feudal Age |
| 11:53 | Build | Stable |
| 12:00 | Queue | Villager (Male) |
| 12:00 | Queue | Villager (Male) |
| 12:01 | Queue | Villager (Male) |
| 12:12 | Research | Double-Bit Axe |
| 12:14 | Research | Horse Collar |
| 12:33 | Build | House |
| 12:45 | Queue | Scout Cavalry |
| 12:50 | Build | House |
| 13:11 | Build | Market |
| 13:23 | Queue | Scout Cavalry |
| 13:39 | Queue | Scout Cavalry |
| 13:42 | Queue | Villager (Male) |
| 13:43 | Queue | Villager (Male) |
| 13:49 | Build | House |
| 13:50 | Build | House |
| 14:35 | Queue | Scout Cavalry |
| 15:39 | Queue | Scout Cavalry |
| 15:40 | Queue | Scout Cavalry |
| 15:41 | Queue | Villager (Male) |
| 15:53 | Build | Mining Camp |
| 16:26 | Build | Farm |
| 16:30 | Build | Farm |
| 16:33 | Build | Farm |
| 16:37 | Build | Farm |
| 18:23 | Research | Castle Age |
| 18:36 | Build | Mining Camp |
| 19:52 | Build | Lumber Camp |
| 20:03 | Build | Blacksmith |
| 20:31 | Queue | Spearman |
| 20:31 | Queue | Spearman |
| 20:31 | Queue | Spearman |
| 20:51 | Queue | Villager (Male) |
| 20:52 | Queue | Villager (Male) |
| 20:52 | Queue | Villager (Male) |
| 20:52 | Queue | Villager (Male) |
| 20:53 | Queue | Villager (Male) |
| 20:57 | Research | Stone Mining |
| 21:03 | Age | Castle Age |
| 21:37 | Build | Watch Tower |
| 21:45 | Queue | Knight |
| 22:31 | Build | Watch Tower |
| 22:37 | Queue | Villager (Male) |
| 22:37 | Queue | Villager (Male) |
| 23:11 | Research | Husbandry |
| 23:12 | Queue | Knight |
| 23:29 | Research | Stone Shaft Mining |
| 24:07 | Queue | Knight |
| 24:07 | Queue | Knight |
| 24:14 | Build | Mining Camp |
| 25:27 | Queue | Villager (Male) |
| 25:27 | Queue | Villager (Male) |
| 25:28 | Queue | Villager (Male) |
| 25:28 | Queue | Villager (Male) |
| 25:37 | Build | Town Center |
| 26:06 | Research | Wheelbarrow |
| 26:18 | Queue | Villager (Male) |
| 26:18 | Queue | Villager (Male) |
| 26:19 | Queue | Villager (Male) |
| 26:19 | Queue | Villager (Male) |
| 26:19 | Queue | Villager (Male) |
| 27:59 | Build | Castle |
| 28:08 | Build | Mining Camp |
| 28:28 | Build | Mining Camp |
| 28:33 | Queue | Villager (Male) |
| 28:34 | Research | Hand Cart |
| 28:35 | Queue | Villager (Male) |
| 28:36 | Queue | Villager (Male) |
| 28:36 | Queue | Villager (Male) |
| 28:38 | Research | Bow Saw |
| 28:54 | Research | Fletching |
| 29:04 | Queue | War Wagon |
| 29:04 | Queue | War Wagon |
| 29:10 | Research | Gold Mining |
| 29:33 | Build | University |
| 29:45 | Queue | War Wagon |
| 29:53 | Build | Watch Tower |
| 30:00 | Research | Bodkin Arrow |
| 30:24 | Queue | War Wagon |
| 30:32 | Queue | Villager (Male) |
| 30:32 | Queue | Villager (Male) |
| 30:32 | Queue | Villager (Male) |
| 30:33 | Queue | Villager (Male) |
| 30:33 | Queue | Villager (Male) |
| 30:47 | Research | Ballistics |
| 30:50 | Queue | War Wagon |
| 30:55 | Queue | Villager (Male) |
| 30:55 | Queue | Villager (Male) |
| 30:55 | Queue | Villager (Male) |
| 31:15 | Build | Siege Workshop |
| 31:20 | Queue | War Wagon |
| 31:21 | Queue | War Wagon |
| 31:31 | Queue | Villager (Male) |
| 31:31 | Queue | Villager (Male) |
| 31:35 | Queue | War Wagon |
| 32:49 | Queue | War Wagon |
| 32:49 | Queue | War Wagon |
| 32:49 | Queue | War Wagon |
| 32:50 | Queue | War Wagon |
| 33:22 | Queue | War Wagon |
| 33:23 | Queue | War Wagon |
| 33:23 | Queue | War Wagon |
| 33:55 | Queue | War Wagon |
| 33:55 | Queue | War Wagon |
| 33:55 | Queue | War Wagon |
| 33:56 | Queue | War Wagon |
Match timeline
| 6:44 | RH450 · first_building Barracks |
| 10:38 | ParatyBrasil · first_building Barracks |
| 11:48 | ParatyBrasil · age_up feudal |
| 11:53 | ParatyBrasil · first_building Stable |
| 14:23 | RH450 · age_up feudal |
| 14:34 | RH450 · first_building Archery Range |
| 16:46 | RH450 · first_market_sell 100 wood |
| 18:21 | ParatyBrasil · first_market_sell 100 food |
| 19:29 | RH450 · age_up castle |
| 21:03 | ParatyBrasil · age_up castle |
| 22:38 | RH450 · first_market_buy 100 stone |
| 23:03 | RH450 · first_building Castle |
| 27:59 | ParatyBrasil · first_building Castle |
| 31:15 | ParatyBrasil · first_building Siege Workshop |
| 34:41 | RH450 · first_building Siege Workshop |
| 34:47 | RH450 · first_building Stable |
| 38:26 | RH450 · age_up imperial |
| 42:00 | ParatyBrasil · age_up imperial |
| 50:21 | ParatyBrasil · first_building Archery Range |
| 54:07 | RH450 · resign |
[ AI ANALYSIS · 1 CREDIT ]
What really happened in this match?
Wolo.gg analyzes every decision: build order, eco, micro, common mistakes by bracket. Personalized analysis on WhatsApp or Discord in 30 seconds.
Civ guide
Vietnamese
Perfil
Jugador #10596640